 Dungeon Crawl Stone Soup version 0.30-a0-457-g4b7bca3bfa (webtiles) character file.

Game seed: 13650652715360175112

1477 ytrimaz the Thaumaturge (level 8, -15/41 HPs)
             Began as a Deep Elf Ice Elementalist on Dec 13, 2022.
             Was an Initiate of Sif Muna.
             Demolished by a shadow (29 damage)
             ... on level 6 of the Dungeon.
             The game lasted 00:15:34 (6546 turns).

ytrimaz the Thaumaturge (Deep Elf Ice Elementalist) Turns: 6546, Time: 00:15:35

Health: -15/41     AC:  6    Str:  2 (5)  XL:     8   Next: 49%
Magic:  15/24      EV: 12    Int: 21 (23) God:    Sif Muna [......]
Gold:   319        SH:  0    Dex: 13 (15) Spells: 11/27 levels left

rFire   + . .      SeeInvis .    (no weapon)
rCold   . . .      Faith    .    (no shield)
rNeg    . . .      Spirit   .    a - +1 robe
rPois   .          Reflect  .    (no helmet)
rElec   .          Harm     .    (no cloak)
rCorr   .          Rampage  .    i - +0 pair of gloves
Will    .....                    (no boots)
Stlth   ++........               (no amulet)
HPRegen 0.26/turn                d - ring of protection from fire
MPRegen 0.19/turn                k - ring of wizardry

@: mighty, attractive, invisible
A: iridescent scales 1
a: Renounce Religion


You were on level 6 of the Dungeon.
You worshipped Sif Muna.
Sif Muna was noncommittal.
You visited 2 branches of the dungeon, and saw 7 of its levels.

You collected 319 gold pieces.


Innate Abilities, Weirdness & Mutations

You are partially covered in iridescent scales. (AC +2)


   Skills:
 + Level 2.5 Dodging
 - Level 2.4 Stealth
 - Level 10.0 Spellcasting
 + Level 0.2 Conjurations
 - Level 5.0 Summonings
 - Level 8.0 Ice Magic


You had 11 spell levels left.
You knew the following spells:

 Your Spells              Type           Power      Damage    Failure   Level
a - Freeze                Ice            100%       1d10      1%          1
b - Frozen Ramparts       Ice            88%        1d14      1%          3
c - Ozocubu's Armour      Ice            44%        N/A       1%          3
d - Summon Ice Beast      Ice/Summ       37%        N/A       1%          4
e - Freezing Cloud        Conj/Ice/Air   11%        6-21      24%         5

Your spell library contained the following spells:

 Spells                   Type           Power      Damage    Failure   Level
 Ensorcelled Hibernation  Hex/Ice        54%        N/A       1%          2
 Summon Guardian Golem    Hex/Summ       21%        N/A       2%          3
 Passwall                 Tmut/Erth      8%         N/A       4%          2
 Scorch                   Fire           20%        2d6       4%          2
 Ignite Poison            Fire/Tmut/Pois 10%        N/A       8%          3
 Kindle Blastsparks       Fire/Tloc/Air  20%        2d11      8%          3
 Spider Form              Tmut/Pois      10%        N/A       8%          3
 Swiftness                Air            10%        N/A       8%          3
 Vhi's Electric Charge    Tloc/Air       20%        N/A       8%          3
 Flame Wave               Conj/Fire      10%        2d6       24%         4
 Anguish                  Hex/Necr       5%         N/A       26%         4
 Summon Cactus Giant      Summ           15%        N/A       43%         6
 Arcjolt                  Conj/Air       5%         1d15      52%         5
 Spellforged Servitor     Conj/Summ      10%        N/A       99%         7
 Orb of Destruction       Conj           5%         9d5       100%        7
 Maxwell's Capacitive Co  Air            5%         ∞         100%        8

Inventory:

Armour
 a - a +1 robe (worn)
 h - an orb of energy
   (You found it on level 3 of the Dungeon)
 i - a +0 pair of gloves (worn)
   (You found it on level 4 of the Dungeon)
Jewellery
 d - a ring of protection from fire (left hand)
   (You found it on level 3 of the Dungeon)
 k - a ring of wizardry (right hand)
   (You found it on level 5 of the Dungeon)
Wands
 o - a wand of flame (10) (quivered)
   (You took it off Ijyb on level 3 of the Dungeon)
Scrolls
 b - a scroll of noise
 e - a scroll of amnesia
 g - a scroll of fear
 j - 2 scrolls of torment
 q - a scroll of teleportation {unknown}
Potions
 c - a potion of might
 l - a potion of magic
 m - a potion of attraction
 r - a potion of cancellation {unknown}
 s - a potion of flight {unknown}

Dungeon Overview and Level Annotations

Branches:
Dungeon (6/15) Zot: 26350  Temple (1/1) D:5 Zot: 5786

Altars:
Cheibriados
Dithmenos
Elyvilon
Fedhas
Gozag
Hepliaklqana
Kikubaaqudgha
Nemelex Xobeh
Qazlal
Ru
Sif Muna
Trog
Vehumet
Wu Jian
Xom
Zin
The Shining One

#..##.#.# +..#..#.#
#.....#.# #..#..#.#
#..#..#.# #..#..#.#
########....Y..##.###
..........#.{.......$
########..#.@.###.###
.........#....# ........
.........#..#.... ..........
.........#..#.#...........#.
.........#..#.##............
............#.# .>..........
##########..#.# ...........
#..# ..........
#..#########......<


You could see a friendly ice beast (summoned).


Message History

Casting: Freezing Cloud (extremely dangerous; 21% risk of failure)
Confirm with . or Enter, or press ? or * to list all spells.
Casting: Frozen Ramparts (safe; 1% risk of failure)
Press: ? - help, Dir - look around, f - activate The walls around you are covered in ice.
The shadow completely resists.
The wall freezes the shadow but does no damage. 😎 MP[-3]
You lost 3 mp, and now have 16/24 mp.
Unknown command.
Okay, then.
Unknown command.
Casting: Frozen Ramparts (safe; 1% risk of failure)
Confirm with . or Enter, or press ? or * to list all spells.
A chill wind blows around you.
The shadow completely resists.
The wall freezes the shadow but does no damage.
The shadow slips into darkness.
The shadow flickers and vanishes!
Deactivating autopickup; reactivate with Ctrl-A. 😎 MP[-4]
You lost 4 mp, and now have 12/24 mp.
Unknown command.
Your frozen ramparts will break if you move.
Continue?
Okay, then.
Your frozen ramparts will break if you move.
Continue?
The frozen ramparts melt away as you move.
Unknown command.
The shadow strikes at you from the darkness!
Reactivating autopickup.
Your ice beast closely misses the shadow. 😕 HP[-1] MP[+1]
You take 1 damage, and now have 40/41 hp.
Unknown command.
You feel very mighty all of a sudden.
Your ice beast barely misses the shadow.
The shadow completely misses you.
Unknown command.
You closely miss the shadow.
Your ice beast hits the shadow but does no damage.
The shadow misses you.
You hit the shadow but do no damage.
Your ice beast barely misses the shadow.
The shadow hits you. 😕 HP[-5]
You take 5 damage, and now have 35/41 hp.
Unknown command.
You hit the shadow.
Your ice beast closely misses the shadow.
The shadow hits you! 😮 HP[-10]
You take 10 damage, and now have 25/41 hp.
MASSIVE DAMAGE!! (PAUSE)
You barely miss the shadow.
Your ice beast closely misses the shadow.
The shadow hits you!
* * * LOW HITPOINT WARNING * * *
😨 HP[-9] MP[+1]
You take 9 damage, and now have 16/41 hp.
MASSIVE DAMAGE!! (PAUSE) It was a potion of heal wounds.
You feel much better. The shadow barely misses you.
Your ice beast closely misses the shadow. 😕 HP[+17]
You regained 17 hp, and now have 33/41 hp.
Unknown command.
You hit the shadow. The shadow hits you!
Your ice beast barely misses the shadow. 😮 HP[-10]
You take 10 damage, and now have 23/41 hp.
MASSIVE DAMAGE!! (PAUSE)
Casting: Summon Ice Beast (dangerous; 1% risk of failure)
Confirm with . or Enter, or press ? or * to list all spells.
Okay, then.
It was a potion of invisibility.
You fade into invisibility!
The shadow hits you!
* * * LOW HITPOINT WARNING * * *
Your ice beast misses the shadow. 😨 HP[-9]
You take 9 damage, and now have 14/41 hp.
MASSIVE DAMAGE!! (PAUSE) It was a potion of attraction.
You feel attractive to monsters.
Your ice beast hits the shadow.
Your ice beast freezes the shadow.
The shadow completely resists.
The shadow closely misses you.
Unknown command.
It was a potion of degeneration.
There was something very wrong with that liquid.
You feel weakened.
You feel dopey.
You feel clumsy.
Your ice beast closely misses the shadow.
The shadow slips into darkness.
The shadow flickers and vanishes!
Deactivating autopickup; reactivate with Ctrl-A. 😨 MP[+1] Unknown command.
Unknown command.
Your ice beast hits something but does no damage.
The shadow strikes at you from the darkness!
Ouch! That really hurt!
You die...

Skill      XL: |  1  2  3  4  5  6  7  8 |
---------------+-------------------------+-----
Spellcasting   | 4 5 6 7 9 10 | 10.0
Ice Magic      | 5 6 7 8 |  8.0
Summonings     | 1 5 |  5.0
Dodging        | |  2.5
Stealth        | |  2.4
Conjurations   | |  0.2

Action                   |  1- 3 |  4- 6 |  7- 9 || total
-------------------------+-------+-------+-------++-------
Melee: Unarmed           |    23 |    14 |    29 ||    66
 Cast: Freeze            |    65 |    69 |    55 ||   189
       Ozocubu's Armour  |     1 |     6 |     4 ||    11
       Frozen Ramparts   |       |     8 |    19 ||    27
       Summon Ice Beast  |       |       |    15 ||    15
       Freezing Cloud    |       |       |     1 ||     1
Evoke: Wand              |       |       |     9 ||     9
  Use: Potion            |     2 |     2 |     7 ||    11
       Scroll            |     2 |     6 |     3 ||    11
 Stab: Sleeping          |     1 |       |     1 ||     2
Armor: Robe              |    27 |    20 |    34 ||    81
Dodge: Dodged            |    58 |    52 |    51 ||   161

Levels and vault maps discovered:
D:1:      dpeg_arrival_caged_fury, layout_basic
D:2:      layout_loops_cross, minmay_door_square
D:3:      layout_loops_corners, gammafunk_temple_overflow_arena,
          hellmonk_ecumenical_altar_pennies_from_heaven, serial_bayou_pond_d,
          uniq_jessica, uniq_ijyb
D:4:      layout_loops_corners, minmay_three_crescents
D:5:      layout_basic, slow_altar_2, minmay_temple_entry_junction_2,
          minivault_19, serial_bayou_pond_d, ebering_dispersal_statue_hall,
          palyth_stone_intersect, chequers_serial_rivers_small_a,
          grunt_tough_drop, uniq_grinder
D:6:      layout_basic, lemuel_crystal_altar, lemuel_tele_altar,
          yredelemnul_forgotten_temple_becter
Temple:   nicolae_temple_two_arcs

Notes
Turn   | Place    | Note
-------+----------+-------------------------------------------
     0 | D:1      | ytrimaz the Deep Elf Ice Elementalist began the quest for
                  | the Orb.
     0 | D:1      | Reached XP level 1. HP: 10/10 MP: 6/6
     0 | D:1      | magus.rc [v1.9.6]
     1 | D:1      | Found a runed translucent door.
    50 | D:1      | HP: 2/10 [kobold/+0 dagger (2)]
    53 | D:1      | Reached XP level 2. HP: 4/15 MP: 5/8
    57 | D:1      | HP: 1/15 [gnoll/+0 flail (4)]
   321 | D:1      | Reached skill level 4 in Spellcasting
   328 | D:1      | Reached skill level 5 in Ice Magic
   328 | D:1      | Reached XP level 3. HP: 19/19 MP: 5/10
  1249 | D:2      | Learned a level 3 spell: Frozen Ramparts
  1253 | D:2      | Learned a level 3 spell: Ozocubu's Armour
  1780 | D:2      | Reached XP level 4. HP: 19/24 MP: 8/12
  1981 | D:2      | You pick up a book of Dangerous Friends and begin
                  | reading...
  1981 | D:2      | You add the spells Summon Guardian Golem, Orb of
                  | Destruction and Spellforged Servitor to your library.
  2095 | D:3      | Reached skill level 5 in Spellcasting
  2190 | D:3      | Found a faded altar of an unknown god.
  2204 | D:3      | You add the spells Kindle Blastsparks, Ignite Poison and
                  | Freezing Cloud to your library.
  2499 | D:3      | Found a transporter.
  2512 | D:3      | Found a transporter.
  2526 | D:3      | Found a bloodstained altar of Trog.
  2534 | D:3      | Found a shadowy altar of Dithmenos.
  2572 | D:3      | Reached XP level 5. HP: 20/28 MP: 4/15
  2576 | D:3      | Gained mutation: You are partially covered in iridescent
                  | scales. (AC +2) [potion of mutation]
  2721 | D:3      | Reached skill level 6 in Ice Magic
  2754 | D:3      | Learned a level 4 spell: Summon Ice Beast
  2959 | D:3      | Noticed Jessica
  2962 | D:3      | Killed Jessica
  3008 | D:3      | Noticed Ijyb
  3020 | D:3      | Killed Ijyb
  3021 | D:3      | Reached skill level 6 in Spellcasting
  3065 | D:3      | You pick up a book of Burglary and begin reading...
  3065 | D:3      | You add the spells Passwall, Ensorcelled Hibernation and
                  | Swiftness to your library.
  3288 | D:4      | Reached XP level 6. HP: 19/32 MP: 12/17
  3294 | D:4      | HP: 7/32 [poisoned by a scorpion]
  3299 | D:4      | HP: 3/32 [poisoned by a scorpion]
  3560 | D:4      | Reached skill level 7 in Spellcasting
  3560 | D:4      | Reached skill level 7 in Ice Magic
  3835 | D:4      | You pick up a book of Scorching and begin reading...
  3835 | D:4      | You add the spells Scorch, Flame Wave and Summon Cactus
                  | Giant to your library.
  3927 | D:4      | Reached XP level 7. HP: 34/36 MP: 10/19
  4481 | D:5      | Entered Level 5 of the Dungeon
  4557 | D:5      | You add the spells Vhi's Electric Charge, Arcjolt and
                  | Maxwell's Capacitive Coupling to your library.
  4617 | D:5      | Found a staircase to the Ecumenical Temple.
  4632 | Temple   | Entered the Ecumenical Temple
  4835 | Temple   | Became a worshipper of Sif Muna the Loreminder
  4883 | D:5      | Noticed Grinder
  4884 | D:5      | You pick up a book of Dreams and begin reading...
  4884 | D:5      | You add the spells Spider Form and Anguish to your library.
  4919 | D:5      | HP: 5/36 [Grinder (5)]
  4933 | D:5      | Killed Grinder
  4934 | D:5      | Reached skill level 8 in Spellcasting
  4934 | D:5      | Reached skill level 8 in Ice Magic
  4994 | D:5      | Reached skill level 9 in Spellcasting
  5119 | D:5      | Learned a level 5 spell: Freezing Cloud
  5246 | D:5      | Reached skill level 1 in Summonings
  5292 | D:5      | Reached XP level 8. HP: 36/41 MP: 15/23
  5445 | D:5      | Reached skill level 2 in Summonings
  5662 | D:5      | Found a snail-covered altar of Cheibriados.
  5942 | D:6      | Noticed a kobold demonologist
  6250 | D:6      | Noticed an orange demon
  6251 | D:6      | Killed a kobold demonologist
  6252 | D:6      | Reached skill level 10 in Spellcasting
  6252 | D:6      | Reached skill level 4 in Summonings
  6490 | D:6      | Reached skill level 5 in Summonings
  6546 | D:6      | Demolished by a shadow

Vanquished Creatures
  A kobold demonologist (D:6)
  4 scorpions
  2 howler monkeys
  An iron imp (D:5)
  2 jellies
  4 orc priests
  4 iguanas
  Ijyb (D:3)
  Jessica (D:3)
  5 orc wizards
  4 adders
  6 gnolls
  A white imp (D:3)
  2 worms
  6 dart slugs
  16 orcs
  9 bats
  5 endoplasms
  7 giant cockroaches
  8 goblins
  5 hobgoblins
  8 jackals
  6 quokkas
  4 frilled lizards
  5 kobolds
  9 rats
126 creatures vanquished.

Vanquished Creatures (collateral kills)
  Grinder (D:5)
  An adder (D:5)
2 creatures vanquished.

Grand Total: 128 creatures vanquished

Table legend:
 A = Non-vault XP
 B = Vault XP
 C = Vault XP percentage of total XP
 D = Non-vault monster count
 E = Vault monster count
 F = Vault count percentage of total count
                 A         B        C        D         E       F
            +---------+---------+-------+---------+---------+-------
      Total |    1272 |     838 |  39.7 |      96 |      32 |  25.0
            +---------+---------+-------+---------+---------+-------
        D:1 |      58 |      21 |  26.6 |      26 |      13 |  33.3
        D:2 |      31 |       0 |   0.0 |      10 |       0 |   0.0
        D:3 |      67 |     142 |  67.9 |      14 |       6 |  30.0
        D:4 |     405 |     140 |  25.7 |      28 |       5 |  15.2
        D:5 |     298 |     535 |  64.2 |      16 |       8 |  33.3
        D:6 |     413 |       0 |   0.0 |       2 |       0 |   0.0
            +---------+---------+-------+---------+---------+-------

Illustrated notes

Table legend:
 A = Kills in this place as a percentage of kills in entire the game.
 B = Kills by you in this place as a percentage of kills by you in the entire game.
 C = Kills by friends in this place as a percentage of kills by friends in the entire game.
 D = Other kills in this place as a percentage of other kills in the entire game.
 E = Experience gained in this place as a percentage of experience gained in the entire game.
 F = Experience gained in this place divided by the number of levels of this place that you have seen.
                   A       B       C       D       E      F
               +-------+-------+-------+-------+-------+----------------------
         Total | 100.0 | 100.0 | 100.0 |   N/A | 100.0 | 301.4
       Dungeon | 100.0 | 100.0 | 100.0 |   N/A | 100.0 | 351.7
               +-------+-------+-------+-------+-------+----------------------

Table legend: (Time is in decaauts)
 A = Elapsed time spent in this place.
 B = Non-inter-level travel time spent in this place.
 C = Inter-level travel time spent in this place.
 D = Time resting spent in this place.
 E = Time spent auto-exploring this place.
 F = Levels seen in this place.
 G = Mean time per level.
                   A        B        C        D        E       F      G
               +--------+--------+--------+--------+--------+-----+--------+
         Total |   6550 |   6359 |    191 |    289 |   4873 |   7 |  935.7 |
       Dungeon |   6336 |   6152 |    184 |    289 |   4754 |   6 | 1056.0 |
        Temple |    213 |    206 |      7 |      0 |    119 |   1 |  213.0 |
               +--------+--------+--------+--------+--------+-----+--------+

Top non-repeatable levels by time:
     D:5: 1510 daAuts
     D:4: 1335 daAuts
     D:1: 1244 daAuts
     D:3: 1080 daAuts
     D:2: 822 daAuts
     D:6: 343 daAuts
  Temple: 213 daAuts
